 Dungeon Crawl Stone Soup version 0.31.0-11-ge490571c62 (webtiles) character file.

Game seed: 2271231755279876837

2836 qw the Skirmisher (level 9, -6/53 HPs)
             Began as a Deep Elf Hunter on Feb 4, 2024.
             Was a Believer of Okawaru.
             Mangled by a wyvern (9 damage)
             ... on level 8 of the Dungeon.
             The game lasted 00:00:31 (5634 turns).

qw the Skirmisher (Deep Elf Hunter)                 Turns: 5634, Time: 00:00:31

Health: -6/53      AC:  8    Str: 12    XL:     9   Next: 45%
Magic:  14/14      EV:  7    Int: 15    God:    Okawaru [**....]
Gold:   268        SH:  0    Dex: 18    Spells: 8/8 levels left

rFire   . . .        q - +0 orcbow
rCold   . . .        (shield currently unavailable)
rNeg    . . .        g - +3 leather armour
rPois   .            d - +0 helmet
rElec   .            (no cloak)
rCorr   .            e - +0 pair of gloves
SInv    +            (no boots)
Will    +....        (no amulet)
Stlth   ++           c - ring of see invisible
HPRegen 0.28/turn    k - ring of willpower
MPRegen 0.14/turn

%: no passive effects
@: about to teleport, petrifying, very slow
A: no striking features
a: Renounce Religion, Heroism


You were on level 8 of the Dungeon.
You worshipped Okawaru.
Okawaru was pleased with you.
You visited 2 branches of the dungeon, and saw 9 of its levels.

You collected 362 gold pieces.
You spent 94 gold pieces at shops.


   Skills:
 - Level 4.9 Fighting
 - Level 14.0 Ranged Weapons
 - Level 1.1 Armour
 + Level 5.5 Dodging
 - Level 1.2 Stealth
 - Level 4.0 Invocations


You had 8 spell levels left.
You didn't know any spells.
Your spell library was empty.

Inventory:

Hand Weapons
 q - a +0 orcbow (weapon)
Armour
 d - a +0 helmet (worn)
 e - a +0 pair of gloves (worn)
 g - a +3 leather armour (worn)
Jewellery
 c - a ring of see invisible (left hand)
 k - a ring of willpower (right hand)
 m - a +6 ring of strength
Wands
 a - a wand of charming (10)
 l - a wand of polymorph (3)
 p - a wand of roots (9)
Scrolls
 r - a scroll of identify
Potions
 i - a potion of resistance
 j - 2 potions of curing
 n - a potion of haste

Dungeon Overview and Level Annotations

Branches:
Dungeon (8/15)             Temple (1/1) D:5            Lair (0/5) D:8

Altars:
Ashenzari
Dithmenos
Fedhas
Gozag
Hepliaklqana
Kikubaaqudgha
Makhleb
Nemelex Xobeh
Okawaru
Qazlal
Ru
Sif Muna
Trog
Uskayaw
Vehumet
Yredelemnul
Zin
The Shining One

Shops:
D:1 [   D:3 (   D:4 *   D:5 *

Annotations:
D:2 1 runed translucent door, Crazy Yiuf
D:7 2 transporters, qw's ghost, novice GrHu


Message History

As you read the scroll of teleportation, it crumbles to dust.
You feel strangely unstable.
You feel sick. The killer bee misses you. The killer bee stings you.
You shoot an arrow.
The arrow closely misses the killer bee.
The killer bee stings you. The killer bee closely misses you.
You shoot an arrow. The arrow misses the killer bee.
You feel sick. The killer bee closely misses you.
You shoot an arrow.
The arrow closely misses the killer bee.
You feel sick. The killer bee misses you. x2
You shoot an arrow.
The arrow closely misses the killer bee.
You feel sick.
You are no longer poisoned.
The killer bee misses you. x2
You shoot an arrow.
The arrow hits the killer bee but does no damage.
The killer bee is almost dead.
Your surroundings suddenly seem different.
A basilisk, 2 wyverns, a water moccasin and 3 yaks come into view.
Found a club.
Found a staircase to the Lair.
The yak bellows! x2; The basilisk hisses angrily.
The wyvern hisses angrily.
You hear a shout!
The water moccasin hisses angrily.
A scorpion comes into view.
A water moccasin comes into view.
A bullfrog comes into view.
The basilisk gazes at you. You resist with almost no effort.
A yak comes into view.
The wyvern hisses angrily.
The bullfrog gives a loud, deep croak!
The yak bellows!
5633 ||| READING scroll of teleportation.
As you read the scroll of teleportation, it crumbles to dust.
You feel strangely unstable. The basilisk gazes at you.
You are slowing down.
An ice beast comes into view.
5634 ||| RETREEEEATING.
Found a stone staircase leading up.
The wyvern bites you!
You die...

#...##< #...#..
### ........#..#
.PP.P..Y...#
...P.......## #
...S..P...P.#.##
.....7.l.......#
.......7@..P.#
...s.YYFk..7...#
...7.Y.P........
P.P...PP..P.....
....S..7..PP....
......P.....#..#
.7.......P..#...
...).P......# .#
#..P... .7...


You could see 3 yaks, a basilisk, 2 water moccasins, a wyvern, an ice beast, a
bullfrog and a scorpion.

Vanquished Creatures
  Pikel (D:7)
  Prince Ribbit (D:7)
  A steam dragon (D:7)
  Menkaure (D:7)
  2 ice beasts (D:7)
  An orc warrior (D:7)
  A black bear (D:6)
  A sky beast (D:7)
  An ogre (D:5)
  A phantom (D:6)
  A bullfrog (D:7)
  A gnoll sergeant (D:7)
  2 scorpions (D:5)
  5 killer bees (D:8)
  2 howler monkeys (D:7)
  2 bombardier beetles
  A jelly (D:6)
  A hound (D:6)
  4 orc priests
  An iguana (D:4)
  A sleepcap (D:7)
  9 orc wizards
  13 adders
  12 gnolls
  A shadow imp (D:5)
  A white imp (D:6)
  2 ufetubi (D:7)
  2 dart slugs
  A ribbon worm (D:2)
  12 orcs
  5 endoplasms
  3 giant cockroaches
  8 goblins
  5 hobgoblins
  7 kobolds
  5 quokkas
  6 ball pythons
  8 bats
  5 frilled lizards
  5 rats
142 creatures vanquished.

Notes
Turn   | Place    | Note
-------+----------+-------------------------------------------
     0 | D:1      | qw the Deep Elf Hunter began the quest for the Orb.
     0 | D:1      | Reached XP level 1. HP: 12/12 MP: 3/3
     0 | D:1      | 0 ||| qw: Version: 0.3-a-160-g6735b56
     0 | D:1      | 0 ||| qw: Game counter: 4401
     0 | D:1      | 0 ||| qw: Melee chars always use a shield: true
     0 | D:1      | 0 ||| qw: God list: Okawaru
     0 | D:1      | 0 ||| qw: Allow faded altars: false
     0 | D:1      | 0 ||| qw: Do Orc after clearing Dungeon:15 true
     0 | D:1      | 0 ||| qw: Do second Lair branch before Depths: true
     0 | D:1      | 0 ||| qw: Lair rune preference: random
     0 | D:1      | 0 ||| qw: Goals: Normal
     0 | D:1      | 0 ||| PLANNING D:1-11
   203 | D:1      | Reached XP level 2. HP: 16/16 MP: 4/4
   205 | D:1      | Reached skill level 6 in Ranged Weapons
   249 | D:1      | Found Osmefene's Antique Armour Shoppe.
   257 | D:1      | 257 ||| SHOPLISTING cloak (103 gold, have 41).
   257 | D:1      | 257 ||| SHOPLISTING runed leather armour (115 gold, have
                  | 41).
   257 | D:1      | 257 ||| SHOPLISTING runed scale mail (161 gold, have 41).
   425 | D:1      | 425 ||| UPGRADING to +0 helmet.
   430 | D:1      | 430 ||| UPGRADING to +3 leather armour.
   440 | D:1      | 440 ||| DROPPING +0 leather armour.
   441 | D:1      | 441 ||| READING scroll labelled QIFRUG HIACYMO.
   442 | D:1      | 442 ||| READING scroll labelled FYOJUY ULUFEU.
   443 | D:1      | 443 ||| READING scroll labelled KIUBLA UHEHIB.
   443 | D:1      | 443 ||| IDENTIFYING brown potion
   444 | D:1      | 444 ||| READING scroll labelled UDOISIJEMI.
   545 | D:1      | 545 ||| READING scroll labelled GINUUJ TYTA.
   545 | D:1      | 545 ||| ENCHANTING +0 shortbow.
   546 | D:1      | 546 ||| DROPPING scroll of butterflies.
   628 | D:2      | Reached XP level 3. HP: 20/20 MP: 5/5
   725 | D:2      | Reached skill level 7 in Ranged Weapons
   758 | D:2      | 758 ||| FLEEEEING.
   759 | D:2      | 759 ||| FLEEEEING.
   761 | D:2      | 761 ||| FLEEEEING.
   783 | D:2      | Found a runed translucent door.
   784 | D:2      | Noticed Crazy Yiuf
   961 | D:2      | Reached XP level 4. HP: 25/25 MP: 6/6
   971 | D:2      | Found a faded altar of an unknown god.
  1368 | D:2      | 1368 ||| UPGRADING to ring of see invisible.
  1369 | D:2      | 1369 ||| READING 3 scrolls of identify.
  1369 | D:2      | 1369 ||| IDENTIFYING fizzy orange potion
  1370 | D:2      | 1370 ||| READING 2 scrolls of identify.
  1370 | D:2      | 1370 ||| IDENTIFYING dark potion
  1371 | D:2      | 1371 ||| READING scroll of identify.
  1371 | D:2      | 1371 ||| IDENTIFYING fizzy brown potion
  1372 | D:2      | 1372 ||| READING scroll labelled BECVAU HINEN.
  1372 | D:2      | Identified a scroll of acquirement
  1372 | D:2      | 1372 ||| ACQUIRING +2 shortbow of freezing
  1372 | D:2      | Acquired a +2 shortbow of freezing
  1374 | D:2      | 1374 ||| SWAPPING to +2 shortbow of freezing.
  1375 | D:2      | 1375 ||| DROPPING +1 shortbow.
  1376 | D:2      | 1376 ||| READING scroll labelled VEVVEL APPAAZE.
  1377 | D:2      | 1377 ||| READING scroll labelled LYVYHO QOSYKEQOU.
  1419 | D:2      | 1419 ||| DROPPING potion of attraction.
  1420 | D:2      | 1420 ||| DROPPING potion of brilliance.
  1667 | D:3      | Found Labuj's Antique Weapon Shoppe.
  1674 | D:3      | 1674 ||| SHOPLISTING ichor-stained sling (156 gold, have
                  | 69).
  1689 | D:3      | 1689 ||| FLEEEEING.
  1690 | D:3      | 1690 ||| FLEEEEING.
  1691 | D:3      | 1691 ||| FLEEEEING.
  1692 | D:3      | 1692 ||| FLEEEEING.
  1696 | D:3      | 1696 ||| FLEEEEING.
  1697 | D:3      | 1697 ||| FLEEEEING.
  1698 | D:3      | 1698 ||| FLEEEEING.
  1699 | D:3      | 1699 ||| FLEEEEING.
  1709 | D:3      | Reached skill level 8 in Ranged Weapons
  1817 | D:3      | Reached XP level 5. HP: 29/29 MP: 7/7
  1842 | D:3      | Found a broken altar of Ashenzari.
  2241 | D:3      | 2241 ||| UPGRADING to ring of willpower.
  2242 | D:3      | 2242 ||| READING 2 scrolls of identify.
  2242 | D:3      | 2242 ||| IDENTIFYING lumpy red potion
  2243 | D:3      | 2243 ||| READING scroll of identify.
  2243 | D:3      | 2243 ||| IDENTIFYING bubbling purple potion
  2244 | D:3      | 2244 ||| READING scroll labelled SEHATI DEORR.
  2245 | D:3      | 2245 ||| DRINKING 2 bubbling puce potions.
  2292 | D:3      | 2292 ||| DROPPING potion of lignification.
  2293 | D:3      | 2293 ||| DROPPING potion of ambrosia.
  2294 | D:3      | 2294 ||| DROPPING potion of invisibility.
  2426 | D:4      | Reached skill level 9 in Ranged Weapons
  2428 | D:4      | Reached skill level 3 in Dodging
  2502 | D:4      | Found Zaro's Assorted Antiques.
  2505 | D:4      | Reached XP level 6. HP: 35/35 MP: 8/8
  2513 | D:4      | 2513 ||| BUYING pair of gloves (94 gold).
  2513 | D:4      | Bought a pair of gloves for 94 gold pieces
  2513 | D:4      | 2513 ||| SHOPLISTING scroll of identify (42 gold, have 22).
  2513 | D:4      | 2513 ||| SHOPLISTING slimy golden amulet (105 gold, have
                  | 22).
  3016 | D:4      | 3016 ||| UPGRADING to +0 pair of gloves.
  3039 | D:5      | Entered Level 5 of the Dungeon
  3048 | D:5      | Found a staircase to the Ecumenical Temple.
  3049 | D:5      | 3049 ||| PLANNING TEMPLE
  3063 | D:5      | Reached skill level 10 in Ranged Weapons
  3074 | Temple   | Entered the Ecumenical Temple
  3075 | Temple   | 3075 ||| PLANNING OKAWARU WORSHIP
  3080 | Temple   | Became a worshipper of Warmaster Okawaru
  3081 | Temple   | 3081 ||| PLANNING D:1-11
  3105 | D:5      | HP: 8/35 [poisoned by a scorpion]
  3244 | D:5      | Reached XP level 7. HP: 40/40 MP: 9/9
  3368 | D:5      | Found an opulent altar of Gozag.
  3368 | D:5      | Found Gozag's Platinum Reserve.
  3406 | D:5      | Reached * piety under Okawaru
  3407 | D:5      | Reached skill level 11 in Ranged Weapons
  3529 | D:5      | Found a shimmering blue altar of Sif Muna.
  3717 | D:5      | 3717 ||| SHOPLISTING ring "Wuom" {rF+ rC+ MP+9 Str+6 SInv}
                  | (8010 gold, have 215).
  3767 | D:5      | 3767 ||| READING scroll of identify.
  3767 | D:5      | 3767 ||| IDENTIFYING clear potion
  3768 | D:5      | 3768 ||| READING scroll labelled COXIAQ JOMASUTS.
  3869 | D:5      | 3869 ||| READING scroll labelled DOTOOG OKLU.
  3885 | D:6      | Found a hazy altar of Hepliaklqana.
  3911 | D:6      | Reached skill level 1 in Invocations
  4159 | D:6      | Reached XP level 8. HP: 44/44 MP: 10/12
  4483 | D:6      | 4483 ||| DROPPING amulet of magic regeneration.
  4484 | D:6      | 4484 ||| READING scroll of identify.
  4484 | D:6      | 4484 ||| IDENTIFYING metallic inky potion
  4508 | D:7      | Reached skill level 12 in Ranged Weapons
  4508 | D:7      | Reached skill level 3 in Invocations
  4528 | D:7      | Noticed Pikel
  4530 | D:7      | 4530 ||| RETREEEEATING.
  4535 | D:7      | 4535 ||| INVOKING Heroism.
  4539 | D:7      | Killed Pikel
  4545 | D:7      | Reached skill level 1 in Armour
  4720 | D:7      | Found a transporter.
  4720 | D:7      | Noticed qw's ghost (novice GrHu)
  4814 | D:7      | 4814 ||| DROPPING +0 sling of freezing.
  4840 | D:7      | Noticed Prince Ribbit
  4841 | D:7      | 4841 ||| INVOKING Heroism.
  4854 | D:7      | Killed Prince Ribbit
  4854 | D:7      | Reached ** piety under Okawaru
  4855 | D:7      | Reached XP level 9. HP: 53/53 MP: 12/14
  5075 | D:7      | Found a transporter.
  5099 | D:7      | 5099 ||| RETREEEEATING.
  5116 | D:7      | Reached skill level 13 in Ranged Weapons
  5173 | D:7      | Noticed Menkaure
  5179 | D:7      | 5179 ||| INVOKING Heroism.
  5180 | D:7      | Killed Menkaure
  5215 | D:7      | 5215 ||| SWAPPING to +0 orcbow.
  5216 | D:7      | 5216 ||| DROPPING +2 shortbow of freezing.
  5319 | D:7      | Found a stormy altar of Qazlal.
  5436 | D:7      | HP: 12/53 [orc wizard/puff of flame (6)]
  5437 | D:7      | 5437 ||| DRINKING potion of heal wounds.
  5533 | D:7      | 5533 ||| READING 2 scrolls of identify.
  5533 | D:7      | 5533 ||| IDENTIFYING 2 scrolls labelled LUMEICZIP DEOW
  5534 | D:7      | 5534 ||| DROPPING wand of flame (25).
  5589 | D:8      | 5589 ||| RETREEEEATING.
  5608 | D:8      | 5608 ||| RETREEEEATING.
  5609 | D:8      | 5609 ||| RETREEEEATING.
  5611 | D:8      | Reached skill level 14 in Ranged Weapons
  5626 | D:8      | HP: 9/53 [killer bee (5)]
  5627 | D:8      | 5627 ||| READING 2 scrolls of teleportation.
  5628 | D:8      | HP: 4/53 [killer bee (1)]
  5632 | D:8      | Found a staircase to the Lair.
  5633 | D:8      | 5633 ||| READING scroll of teleportation.
  5634 | D:8      | 5634 ||| RETREEEEATING.
  5634 | D:8      | Mangled by a wyvern

Levels and vault maps discovered:
D:1:      kennysheep_arrival_seaside, layout_rooms, serial_shops,
          nicolae_shop_dealshenge
D:2:      layout_basic, hellmonk_ecumenical_altar_heavens_door, st_stairs_9,
          uniq_crazy_yiuf_cottage
D:3:      layout_loops_corners, cheibrodos_ashenzari_chains, serial_shops, shop
D:4:      layout_basic, serial_shops, shop
D:5:      layout_rooms, amcnicky_altar_gilded, nicolae_gozag_zags_fifth_avenue,
          minmay_temple_entry_slanted
D:6:      layout_basic, nicolae_hepliaklqana_hazy_memory
D:7:      layout_gridville, overflow_temple_1_default, gammafunk_ghost_arena,
          uniq_prince_ribbit1, uniq_menkaure, uniq_pikel
D:8:      layout_loops_cross, minmay_lair_entry_grove
Temple:   compressed_dpeg_triangle_lava_temple

Skill      XL: |  1  2  3  4  5  6  7  8  9 |
---------------+----------------------------+-----
Ranged Weapons | 6 7 8 9 10 11 12 14 | 14.0
Dodging        | 3 4 5 |  5.5
Fighting       | 2 4 |  4.9
Invocations    | 2 4 |  4.0
Armour         | 1 |  1.1
Stealth        | |  1.2

Action                     |  1- 3 |  4- 6 |  7- 9 || total
---------------------------+-------+-------+-------++-------
   Fire: Shortbow          |    95 |   153 |   173 ||   421
         Orcbow            |       |       |    74 ||    74
 Invoke: Heroism           |       |       |     3 ||     3
    Use: Scroll            |     5 |     9 |     7 ||    21
         Potion            |       |     1 |     1 ||     2
 Armour: Leather armour    |    10 |    24 |    58 ||    92
  Dodge: Dodged            |     4 |    24 |    93 ||   121

Table legend:
 A = Non-vault XP
 B = Vault XP
 C = Vault XP percentage of total XP
 D = Non-vault monster count
 E = Vault monster count
 F = Vault count percentage of total count
                 A         B        C        D         E       F
            +---------+---------+-------+---------+---------+-------
      Total |    3034 |    1018 |  25.1 |     135 |       7 |   4.9
            +---------+---------+-------+---------+---------+-------
        D:1 |      23 |       0 |   0.0 |      16 |       0 |   0.0
        D:2 |      61 |      19 |  23.8 |      22 |       4 |  15.4
        D:3 |     133 |       0 |   0.0 |      21 |       0 |   0.0
        D:4 |     273 |       0 |   0.0 |      17 |       0 |   0.0
        D:5 |     535 |       0 |   0.0 |      18 |       0 |   0.0
        D:6 |     453 |       0 |   0.0 |      13 |       0 |   0.0
        D:7 |    1245 |     999 |  44.5 |      23 |       3 |  11.5
        D:8 |     311 |       0 |   0.0 |       5 |       0 |   0.0
            +---------+---------+-------+---------+---------+-------
